 Dungeon Crawl Stone Soup version 0.31-a0-188-g5e087ee2ca (webtiles) character file.

Game seed: 11268181827509729948

36 qw the Shooter (level 3, -5/20 HPs)
             Began as a Deep Elf Hunter on June 22, 2023.
             Slain by an orc
             ... wielding a +0 flail
              (9 damage)
             ... on level 2 of the Dungeon.
             The game lasted 00:00:21 (630 turns).

qw the Shooter (Deep Elf Hunter)                     Turns: 630, Time: 00:00:22

Health: -5/20      AC:  5    Str: 10    XL:     3   Next: 19%
Magic:  5/5        EV: 26    Int: 13    God:
Gold:   57         SH:  0    Dex: 18    Spells: 2/2 levels left

rFire   . . .        Y - +0 shortbow
rCold   . . .        (shield currently unavailable)
rNeg    . . .        j - +0 ring mail
rPois   .            (no helmet)
rElec   .            (no cloak)
rCorr   .            (no gloves)
SInv    .            (no boots)
Will    .....        h - amulet of the acrobat
Stlth   +            (no ring)
HPRegen 0.23/turn    (no ring)
MPRegen 0.09/turn

%: acrobat
@: acrobatic
A: no striking features
a: no special abilities


You were on level 2 of the Dungeon.
You visited 1 branch of the dungeon, and saw 2 of its levels.

You collected 57 gold pieces.


   Skills:
 - Level 1.5 Fighting
 + Level 6.8 Ranged Weapons
 - Level 2.4 Dodging
 - Level 1.2 Stealth


You had 2 spell levels left.
You didn't know any spells.
Your spell library was empty.

Inventory:

Hand Weapons
 Y - a +0 shortbow (weapon)
Armour
 j - a +0 ring mail (worn)
Jewellery
 h - an amulet of the acrobat (around neck)
Scrolls
 b - a scroll of noise {unknown}
Potions
 a - a potion of mutation {unknown}
 i - a potion of curing {unknown}

Dungeon Overview and Level Annotations

Branches:
Dungeon (2/15)

Altars:


Message History

Something hits you but does no damage.
You shoot an arrow.
You hear some strange, mumbled words.
A puff of flame appears from out of thin air!
The puff of flame hits you!
Ouch! That really hurt!
619 ||| FLEEEEING.
Something hits you but does no damage.
Things that are here:
a +0 club; a hobgoblin corpse; a kobold corpse You shoot an arrow.
The arrow hits the endoplasm but does no damage.
The endoplasm is heavily wounded.
Something hits you but does no damage. The endoplasm hits you.
You shoot an arrow. The arrow hits the endoplasm!
You kill the endoplasm!
Something hits you but does no damage.
You shoot an arrow. The arrow barely misses the orc.
Something hits you. The orc misses you. The orc hits you but does no damage.
The orc misses you. Something hits you.
You shoot an arrow.
The arrow hits the orc but does no damage.
You hear some strange, mumbled words.
You are confused.
The orc closely misses you. x2
You hear some strange, mumbled words.
A puff of flame appears from out of thin air!
The puff of flame misses you. The orc misses you.
The orc completely misses you.
You hear some strange, mumbled words.
Something tries to affect you, but you resist.
The orc completely misses you. The orc misses you.
Something hits you but does no damage. The orc completely misses you.
The orc misses you. Something completely misses you. The orc misses you.
The orc hits you but does no damage. Something hits you.
The orc completely misses you. x2
Something hits you. The orc completely misses you. x2
You feel less confused. Something completely misses you. The orc misses you.
The orc hits you with a +0 flail!
You die...

#. .# #.. #.#
##..####.#
...>....#
##...$..#
+.......#
#......#
###...o{o#
.......@)#####
###..###.#.#.#
## #.#<#.# #.
#.#.#.#
##.###.#...#
#......#...#
#....<.#.%.#
#......#...#
+......#)..#


You could see 2 orcs.

Vanquished Creatures
  2 orcs (D:2)
  6 endoplasms
  3 giant cockroaches (D:1)
  A goblin (D:1)
  2 hobgoblins
  A quokka (D:1)
  5 ball pythons (D:1)
  2 bats
  2 frilled lizards (D:1)
  2 kobolds
  5 rats
31 creatures vanquished.

Notes
Turn   | Place    | Note
-------+----------+-------------------------------------------
     0 | D:1      | qw the Deep Elf Hunter began the quest for the Orb.
     0 | D:1      | Reached XP level 1. HP: 12/12 MP: 3/3
     0 | D:1      | 0 ||| qw: Version: 0.3-a-9-g12657ce
     0 | D:1      | 0 ||| qw: Game counter: 2904
     0 | D:1      | 0 ||| qw: Always use a shield: true
     0 | D:1      | 0 ||| qw: God list: Okawaru
     0 | D:1      | 0 ||| qw: Allow faded altars: false
     0 | D:1      | 0 ||| qw: Do Orc after D:15 true
     0 | D:1      | 0 ||| qw: Do second Lair branch before Depths: true
     0 | D:1      | 0 ||| qw: Lair rune preference: random
     0 | D:1      | 0 ||| qw: Plans: Normal
     0 | D:1      | 0 ||| PLANNING D:1-11
   119 | D:1      | Reached XP level 2. HP: 16/16 MP: 4/4
   121 | D:1      | Reached skill level 6 in Ranged Weapons
   151 | D:1      | Found a faded altar of an unknown god.
   470 | D:1      | 470 ||| UPGRADING to +0 scale mail.
   480 | D:1      | 480 ||| DROPPING +0 leather armour.
   481 | D:1      | 481 ||| UPGRADING to +0 ring mail.
   491 | D:1      | 491 ||| DROPPING +0 scale mail.
   492 | D:1      | 492 ||| UPGRADING to amulet of the acrobat.
   497 | D:1      | 497 ||| READING 2 scrolls labelled IKKUET LECHIERGH.
   498 | D:1      | 498 ||| READING scroll labelled ROIMAMNEIT.
   499 | D:1      | 499 ||| DRINKING 3 fuming amethyst potions.
   500 | D:1      | 500 ||| DROPPING scroll of vulnerability.
   501 | D:1      | 501 ||| DROPPING scroll of butterflies.
   502 | D:1      | 502 ||| DROPPING 2 potions of attraction.
   579 | D:2      | Reached XP level 3. HP: 16/20 MP: 5/5
   580 | D:2      | 580 ||| FLEEEEING.
   581 | D:2      | 581 ||| FLEEEEING.
   586 | D:2      | 586 ||| FLEEEEING.
   587 | D:2      | 587 ||| FLEEEEING.
   588 | D:2      | 588 ||| FLEEEEING.
   619 | D:2      | 619 ||| FLEEEEING.
   622 | D:2      | HP: 5/20 [something (1)]
   628 | D:2      | HP: 5/20 [something (2)]
   630 | D:2      | Slain by an orc

Levels and vault maps discovered:
D:1:      dpeg_arrival_more_subterranean_lakeside_camping, layout_rooms,
          chequers_ecumenical_altar_simple
D:2:      layout_basic, basic_altar, uniq_crazy_yiuf_cottage, uniq_robin

Skill      XL: |  1  2 |
---------------+-------+-----
Ranged Weapons | 6 |  6.8
Fighting       | |  1.5
Dodging        | |  2.4
Stealth        | |  1.2

Action                     || total
---------------------------++-------
   Fire: Shortbow          ||    75
    Use: Scroll            ||     2
         Potion            ||     1
 Armour: Leather armour    ||     4
         Ring mail         ||     7
  Dodge: Dodged            ||    33

Table legend:
 A = Non-vault XP
 B = Vault XP
 C = Vault XP percentage of total XP
 D = Non-vault monster count
 E = Vault monster count
 F = Vault count percentage of total count
                 A         B        C        D         E       F
            +---------+---------+-------+---------+---------+-------
      Total |      52 |       0 |   0.0 |      31 |       0 |   0.0
            +---------+---------+-------+---------+---------+-------
        D:1 |      36 |       0 |   0.0 |      23 |       0 |   0.0
        D:2 |      16 |       0 |   0.0 |       8 |       0 |   0.0
            +---------+---------+-------+---------+---------+-------
